 Dungeon Crawl Stone Soup version 0.25-a0-822-g6581751b11 (webtiles) character file.

Game seed: 12467721480867864755, levelgen mode: deterministic

25 kae the Ruffian (level 2, 0/23 HPs)
             Began as a Draconian Transmuter on Apr 20, 2020.
             Slain by a kobold (4 damage)
             ... on level 1 of the Dungeon.
             The game lasted 00:00:20 (506 turns).

kae the Ruffian (Draconian Transmuter)               Turns: 506, Time: 00:00:21

Health: 0/23       AC:  4    Str: 12    XL:     2   Next: 86%
Magic:  5/5        EV: 12    Int: 13    God:
Gold:   4          SH:  0    Dex: 11    Spells: 4/5 levels left

rFire    . . .     SeeInvis .     - Unarmed
rCold    . . .     Gourm    .   (no shield)
rNeg     . . .     Faith    .   (armour unavailable)
rPois    .         Spirit   .   (helmet restricted)
rElec    .         Reflect  .   (no cloak)
rCorr    .         Harm     .   (no gloves)
MR       .....                  (no boots)
Stlth    +.........             (no amulet)
HPRegen  0.07/turn              (no ring)
MPRegen  0.09/turn              (no ring)

@: no status effects
A: unfitting armour, cold-blooded, AC +4
a: no special abilities


You were on level 1 of the Dungeon.
You were not hungry.

You visited 1 branch of the dungeon, and saw 2 of its levels.

You collected 4 gold pieces.

Inventory:

Missiles
 a - 36 arrows
Scrolls
 b - a scroll of identify {unknown}
Comestibles
 c - 3 rations


   Skills:
 - Level 1.1 Fighting
 - Level 1.7 Dodging
 * Level 3.6 Unarmed Combat
 + Level 2.3 Spellcasting
 + Level 2.3 Transmutations


You had 4 spell levels left.
You knew the following spells:

 Your Spells              Type           Power        Failure   Level  Hunger
a - Beastly Appendage     Tmut           #.....       10%         1    #......

Your spell library contained the following spells:

 Spells                   Type           Power        Failure   Level  Hunger
 Sticks to Snakes         Tmut           #.......     14%         2    ###....
 Spider Form              Tmut/Pois      #.........   41%         3    ###....
 Ice Form                 Ice/Tmut       #.......     83%         4    #####..
 Blade Hands              Tmut           #.........   95%         5    ######.


Dungeon Overview and Level Annotations

Branches:
Dungeon (2/15)

Altars:


Innate Abilities, Weirdness & Mutations

Your plain brown scales are hard. (AC +4)
You cannot fit into any form of body armour.
You are cold-blooded and may be slowed by cold attacks.


Message History

The rat is moderately wounded.
The kobold hits you. The rat bites you.
You hit the rat.
You kill the rat!
The kobold hits you. The kobold hits you. The dart slug barely misses you.
Things that are here:
a +0 club; a hobgoblin corpse You hit the kobold.
You tail-slap the kobold.
The kobold is severely wounded.
The kobold hits you.
* * * LOW HITPOINT WARNING * * *
You hit the kobold but do no damage.
The kobold is severely wounded.
The dart slug closely misses you. The kobold hits you.
* * * LOW HITPOINT WARNING * * *
You hit the kobold but do no damage.
The kobold is severely wounded.
The kobold hits you.
You die...

....#.#
.##.#.#######..........
.##.#.#.....#.........#
.##.#.#.###.#.........#
..........#.#.........#.
.....######.#.#.#.......
.....##.....#.#.#.......
###.###.#####.#.#w......
###.....#####.#)@.......
..#####........#K.......
#.# #......$.#........
#.#####............###..
...#.##...###.......# .
.....##...# ###....##
..#...#.).# ...#..#
####...รท..# ...##.#
##......# ... ..


You could see a dart slug and a kobold.

Vanquished Creatures
  2 oozes (D:1)
  2 leopard geckos (D:1)
  A giant cockroach (D:1)
  3 hobgoblins (D:1)
  3 kobolds
  A frilled lizard (D:1)
  A goblin (D:1)
  A rat (D:1)
14 creatures vanquished.

Notes
Turn   | Place    | Note
-------+----------+-------------------------------------------
     0 | D:1      | kae the Draconian Transmuter began the quest for the Orb.
     0 | D:1      | Reached XP level 1. HP: 16/16 MP: 3/3
    82 | D:1      | Reached XP level 2. HP: 18/23 MP: 3/5
   112 | D:1      | HP: 1/23 [kobold/+0 dagger (1)]
   506 | D:1      | Slain by a kobold

Levels and vault maps discovered:
D:1:      dpeg_arrival_arbitrary_b, layout_basic
D:2:      layout_basic, evilmike_ruin_ashenzari, lemuel_round_altar,
          first_ration, nicolae_gozag_seed_capital

Action                   || total
-------------------------++-------
Melee: Unarmed           ||    51
       Tailslap          ||    10
       Kick              ||     1
       Headbutt          ||     1
       Punch             ||     1
 Cast: Beastly Appendage ||     7
  Use: Potion            ||     1
Armor: Skin              ||    13
Dodge: Dodged            ||    48

Table legend:
 A = Non-vault XP
 B = Vault XP
 C = Vault XP percentage of total XP
 D = Non-vault monster count
 E = Vault monster count
 F = Vault count percentage of total count
                 A         B        C        D         E       F
            +---------+---------+-------+---------+---------+-------
      Total |      37 |       0 |   0.0 |      14 |       0 |   0.0
            +---------+---------+-------+---------+---------+-------
        D:1 |      35 |       0 |   0.0 |      13 |       0 |   0.0
        D:2 |       2 |       0 |   0.0 |       1 |       0 |   0.0
            +---------+---------+-------+---------+---------+-------
